 Dungeon Crawl Stone Soup version 0.31.0-9-g3a7656b989 (webtiles) character file.

Game seed: 2541433386715862988

9 qw the Shooter (level 2, -2/14 HPs)
             Began as a Spriggan Hunter on Feb 2, 2024.
             Succumbed to their own poison gas
             ... on level 1 of the Dungeon.
             The game lasted 00:00:01 (415 turns).

qw the Shooter (Spriggan Hunter)                     Turns: 415, Time: 00:00:01

Health: -2/14      AC:  2    Str:  7    XL:     2   Next: 6%
Magic:  3/3        EV: 18    Int: 10    God:
Gold:   65         SH:  0    Dex: 18    Spells: 1/1 levels left

rFire   . . .        a - +0 shortbow
rCold   . . .        (shield currently unavailable)
rNeg    . . .        c - +0 robe
rPois   .            (helmet restricted)
rElec   .            (no cloak)
rCorr   .            (gloves unavailable)
SInv    +            (boots unavailable)
Will    .....        (no amulet)
Stlth   ++           (no ring)
HPRegen 0.22/turn    (no ring)
MPRegen 0.08/turn

%: no passive effects
@: lethally poisoned (-2 -> -12), very quick
A: very small, no large weapons, unfitting armour, see invisible, speed 3
a: no special abilities


You were on level 1 of the Dungeon.
You visited 1 branch of the dungeon, and saw 1 of its levels.

You collected 65 gold pieces.


Innate Abilities, Weirdness & Mutations

You are very small and have problems with some larger weapons.
You are too small for most types of armour.
You have supernaturally acute eyesight. (SInv)
You cover ground extremely quickly. (Speed+++)


   Skills:
 - Level 1.5 Fighting
 - Level 4.0 Ranged Weapons
 + Level 3.8 Dodging
 - Level 1.5 Stealth


You had one spell level left.
You didn't know any spells.
Your spell library was empty.

Inventory:

Hand Weapons
 a - a +0 shortbow (weapon)
Armour
 c - a +0 robe (worn)
Jewellery
 f - a ring of fire
Scrolls
 g - 2 scrolls of identify
Potions
 d - a potion of might

Dungeon Overview and Level Annotations

Branches:
Dungeon (1/15)

Altars:


Message History

It was a scroll of poison.
Done exploring.
407 ||| READING 4 scrolls labelled LIFIER PYLAURU.
As you read the scroll labelled LIFIER PYLAURU, it crumbles to dust.
It is a scroll of identify.
407 ||| IDENTIFYING silvery potion;
d - a potion of might Done exploring.
408 ||| READING 3 scrolls of identify.
408 ||| IDENTIFYING bubbling sapphire potion
As you read the scroll of identify, it crumbles to dust.
h - a potion of brilliance Done exploring.
409 ||| DROPPING scroll of butterflies.
You drop a scroll of butterflies.
Done exploring.
410 ||| DROPPING potion of brilliance.
You drop a potion of brilliance.
Done exploring.
What level of the Dungeon? (default 1, ? - help) Sorry, I don't know how to get there.
Enter note:
Enter note:
Enter note:
Enter note:
Enter note:
Enter note:
Enter note:
Enter note:
Enter note: You are engulfed in poison gas.
You are lethally poisoned!
You feel very sick.
412 ||| Stepping ~*~*~tactically~*~*~ (cloud).
You feel sick.
Things that are here:
a potion of brilliance; a scroll of butterflies
There is a lethal amount of poison in your body!
You feel very sick.
There is a lethal amount of poison in your body!
You feel very sick.
There is a lethal amount of poison in your body!
You die...

############
#¤¤¤0¤00¤0¤#############
#0¤¤0¤00000¤¤0¤........#
#0¤¤0¤0@000###########.#
#¤0¤0¤0¤##############.#
### #########
#...........# ..##
#.########### #..# #.#
##.# #.# ##.## #.#
##..#################.####
###...............>......#


There were no monsters in sight!

Vanquished Creatures
  A bat (D:1)
  2 endoplasms (D:1)
  A goblin (D:1)
  2 hobgoblins (D:1)
  2 rats (D:1)
8 creatures vanquished.

Notes
Turn   | Place    | Note
-------+----------+-------------------------------------------
     0 | D:1      | qw the Spriggan Hunter began the quest for the Orb.
     0 | D:1      | Reached XP level 1. HP: 10/10 MP: 2/2
     0 | D:1      | 0 ||| qw: Version: 0.3-a-155-g5e7d8dd
     0 | D:1      | 0 ||| qw: Game counter: 1132
     0 | D:1      | 0 ||| qw: Melee chars always use a shield: true
     0 | D:1      | 0 ||| qw: God list: Okawaru
     0 | D:1      | 0 ||| qw: Allow faded altars: false
     0 | D:1      | 0 ||| qw: Do Orc after clearing Dungeon:15 true
     0 | D:1      | 0 ||| qw: Do second Lair branch before Depths: true
     0 | D:1      | 0 ||| qw: Lair rune preference: random
     0 | D:1      | 0 ||| qw: Goals: Normal
     0 | D:1      | 0 ||| PLANNING D:1-11
    90 | D:1      | Reached skill level 3 in Dodging
   136 | D:1      | 136 ||| DROPPING +2 sling of electrocution.
   321 | D:1      | Reached XP level 2. HP: 14/14 MP: 3/3
   406 | D:1      | 406 ||| READING scroll labelled FIFIAM KOTEROAR.
   407 | D:1      | 407 ||| READING 4 scrolls labelled LIFIER PYLAURU.
   407 | D:1      | 407 ||| IDENTIFYING silvery potion
   408 | D:1      | 408 ||| READING 3 scrolls of identify.
   408 | D:1      | 408 ||| IDENTIFYING bubbling sapphire potion
   409 | D:1      | 409 ||| DROPPING scroll of butterflies.
   410 | D:1      | 410 ||| DROPPING potion of brilliance.
   412 | D:1      | 412 ||| Stepping ~*~*~tactically~*~*~ (cloud).
   414 | D:1      | HP: 1/14 [poisoned by you (poison gas)]
   415 | D:1      | Succumbed to their own poison gas

Levels and vault maps discovered:
D:1:      beargit_arrival_diablo_church, layout_basic

Skill      XL: |  1 |
---------------+----+-----
Dodging        | 3 |  3.8
Fighting       | |  1.5
Ranged Weapons | |  4.0
Stealth        | |  1.5

Action                     || total
---------------------------++-------
   Fire: Shortbow          ||    27
    Use: Scroll            ||     3
 Armour: Robe              ||     5
  Dodge: Dodged            ||     9

Table legend:
 A = Non-vault XP
 B = Vault XP
 C = Vault XP percentage of total XP
 D = Non-vault monster count
 E = Vault monster count
 F = Vault count percentage of total count
                 A         B        C        D         E       F
            +---------+---------+-------+---------+---------+-------
      Total |      14 |       0 |   0.0 |       8 |       0 |   0.0
            +---------+---------+-------+---------+---------+-------
        D:1 |      14 |       0 |   0.0 |       8 |       0 |   0.0
            +---------+---------+-------+---------+---------+-------
